AoeStats
← CNZS_98T

Black Forest

508449973Analyzed
4v4 RM · 9d ago on Sep 22, 2026· 43m 32s· 8 players
Game mode
Random Map
Map size
Large (8 player)
Population
200
Speed
Normal
Resources
Standard
Victory
Conquest
Starting age
Dark Age
Ending age
Imperial Age
RankedLock teamsTeams togetherTeam positionsShared explorationLock speedFull tech treeHidden civsTurbo modeCheats
Victory
Defeat
🇳🇱 Celts · Netherlands
1948
+9
🇨🇳 Dravidians · China
1937
+10
🇨🇳 Tupi · China
1913
+11
🇮🇳 Khitans · India
1912
+11
🇭🇰 Bohemians · Hong Kong SAR China
1868
-12
🇮🇹 Mongols · Italy
1834
-12
🇨🇳 Persians · China
1832
-12
1627
-5
CTM | חב"ד ליובאוויט
0:49 Loom
10:17 Feudal Age
11:17 Double-Bit Axe
15:44 Fletching
19:28 Castle Age
25:28 Imperial Age
24:43 Bow Saw
25:34 Stone Mining
28:34 Chemistry
28:18 Fortified Wall
37:38 Gold Mining
38:12 Elite Skirmisher
38:49 Bodkin Arrow
38:54 Padded Archer Armor
39:25 Thumb Ring
39:29 Bracer
40:52 Leather Archer Armor
41:05 Ballistics
40:48 Scale Mail Armor
42:53 Ring Archer Armor
OS+ | 青田龙
2:55 Loom
11:57 Feudal Age
12:46 Double-Bit Axe
15:40 Castle Age
13:40 Fishing Lines
13:49 Horse Collar
17:26 Bow Saw
18:05 Heavy Plow
23:08 Wheelbarrow
23:21 Gillnets
24:35 Gold Mining
25:49 Hand Cart
25:29 Stone Mining
28:34 Imperial Age
27:02 Stone Shaft Mining
26:33 Town Watch
27:27 Gold Shaft Mining
26:49 Fletching
27:00 Padded Archer Armor
27:39 Husbandry
27:50 Bloodlines
27:37 Bodkin Arrow
28:41 Coinage
28:50 Leather Archer Armor
28:42 Thumb Ring
29:02 Ballistics
28:53 Masonry
29:49 Conscription
29:08 Onager
30:50 Banking
31:33 Caravan
31:35 Bracer
32:46 Hoardings
33:02 Elite Mangudai
35:31 Chemistry
35:11 Elite Steppe Lancer
37:21 Hoardings
37:17 Scale Barding Armor
37:23 Forging
38:29 Chain Barding Armor
39:10 Light Cavalry
41:10 Iron Casting
CNZS_HiFive
6:52 Loom
9:06 Feudal Age
9:36 Double-Bit Axe
9:17 Man-at-Arms
11:09 Arson
13:54 Horse Collar
18:51 Wheelbarrow
21:51 Castle Age
20:33 Gold Mining
20:34 Stone Mining
22:34 Bow Saw
22:37 Heavy Plow
24:41 Hand Cart
26:42 Town Watch
27:33 Gold Shaft Mining
27:36 Stone Shaft Mining
34:39 Imperial Age
32:16 Scale Barding Armor
32:22 Forging
33:45 Husbandry
33:55 Bloodlines
34:07 Chain Barding Armor
34:23 Iron Casting
34:25 Elite War Elephant
36:06 Blast Furnace
35:42 Plate Barding Armor
35:31 Conscription
35:42 Devotion
36:23 Fletching
37:46 Bodkin Arrow
38:16 Ballistics
39:39 Guilds
41:09 Faith
40:24 Light Cavalry
Hui
6:35 Loom
8:19 Loom
12:17 Feudal Age
15:48 Castle Age
14:08 Double-Bit Axe
14:04 Horse Collar
14:11 Fishing Lines
17:27 Bow Saw
17:17 Town Watch
19:33 Horse Collar
23:01 Wheelbarrow
22:22 Gillnets
30:31 Imperial Age
28:19 Heavy Plow
30:33 Chemistry
30:42 Pikeman
31:23 Squires
31:36 Fortified Wall
31:34 Siege Engineers
31:40 Fortified Wall
31:31 Guard Tower
31:27 Arrowslits
32:51 Two-Man Saw
32:32 Ballistics
33:10 Fletching
33:21 Padded Archer Armor
33:59 Keep
34:36 Leather Archer Armor
34:17 Bodkin Arrow
34:36 Masonry
34:06 Treadmill Crane
35:40 Ring Archer Armor
35:52 Coinage
35:22 Caravan
36:51 Banking
37:05 Hand Cart
38:14 Conscription
39:16 Elite Skirmisher
39:50 Houfnice
_LY_Yo
9:42 Feudal Age
10:15 Double-Bit Axe
13:25 Loom
13:46 Fishing Lines
16:34 Castle Age
17:36 Gillnets
18:05 Bow Saw
17:46 Gold Mining
18:47 Town Watch
19:52 Fletching
24:18 Imperial Age
22:51 Wheelbarrow
22:49 Bodkin Arrow
23:29 Padded Archer Armor
25:04 Bracer
26:09 Chemistry
26:36 Ballistics
28:06 Conscription
28:24 Leather Archer Armor
28:53 Treadmill Crane
29:45 Ring Archer Armor
29:43 Elite Blackwood Archer
30:48 Hand Cart
30:40 Capped Ram
31:57 Curare
33:10 Siege Ram
36:03 Two-Man Saw
35:39 Gold Shaft Mining
34:57 Stone Mining
37:18 Caravan
38:08 Clinker Construction
38:08 Careening
39:02 Coinage
39:42 Hoardings
40:15 Banking
39:31 Sappers
CNZS_98T
8:19 Loom
11:07 Feudal Age
11:11 Man-at-Arms
16:32 Fishing Lines
16:47 Double-Bit Axe
23:17 Castle Age
23:51 Gillnets
28:05 Imperial Age
25:23 Horse Collar
27:06 Wheelbarrow
26:33 Heavy Plow
26:57 Stone Mining
27:37 Arson
27:39 Gambesons
28:18 Bow Saw
29:10 Conscription
28:58 Scale Mail Armor
29:02 Gold Mining
29:37 Hand Cart
30:36 Chain Mail Armor
31:15 Elite Woad Raider
32:33 Plate Mail Armor
32:14 Forging
34:55 Iron Casting
35:19 Siege Engineers
35:36 Ballistics
36:16 Chemistry
35:17 Town Watch
35:48 Caravan
37:17 Masonry
36:42 Onager
38:23 Siege Onager
40:14 Furor Celtica
40:53 Hoardings
42:53 Gold Shaft Mining
42:56 Coinage
42:02 Sappers
_LY_lyx
9:30 Loom
11:50 Feudal Age
12:34 Double-Bit Axe
12:30 Fishing Lines
20:35 Castle Age
19:03 Stone Mining
21:11 Gillnets
22:43 Wheelbarrow
22:46 Bow Saw
22:31 Town Watch
24:00 Horse Collar
24:23 Gold Mining
25:27 Hand Cart
25:56 Heavy Plow
31:02 Imperial Age
29:56 Fletching
30:06 Padded Archer Armor
30:27 Ballistics
31:13 Medical Corps
31:04 Bodkin Arrow
31:41 Caravan
32:52 Chemistry
32:55 Two-Man Saw
32:10 Guilds
32:08 Thumb Ring
32:24 Elite Elephant Archer
34:00 Conscription
34:36 Bracer
35:06 Leather Archer Armor
35:11 Husbandry
37:25 Ring Archer Armor
38:03 Block Printing
39:07 Sanctity
DK2
11:12 Feudal Age
12:36 Double-Bit Axe
15:05 Castle Age
16:13 Bow Saw
19:40 Fishing Lines
21:39 Domestication
22:07 Stone Mining
24:00 Wheelbarrow
23:31 Pastoralism
24:25 Gold Mining
25:10 Stone Shaft Mining
24:41 Gillnets
26:38 Hand Cart
29:36 Imperial Age
28:22 Stone Shaft Mining
28:26 Scale Barding Armor
29:44 Lamellar Armor
29:41 Scale Mail Armor
29:51 Forging
29:53 Squires
30:22 Arson
30:07 Heavy Rocket Cart
30:41 Elite Fire Lancer
32:13 Capped Ram
32:44 Pikeman
33:48 Chain Mail Armor
34:08 Iron Casting
34:16 Conscription
34:01 Town Watch
34:01 Loom
33:47 Siege Ram
34:48 Light Cavalry
35:30 Husbandry
36:45 Plate Mail Armor
37:22 Chain Barding Armor
39:33 Hussar
42:06 Elite Liao Dao
43:27 Plate Barding Armor
Connection lost

Rejoining the realm…

Still unreachable

The connection could not be restored.

Session expired

The server has moved on; the page needs a fresh start.